woodfighter, neutral female human Healer h.. G@. hG. woodfighter the Empiric Experience level: 4 Strength: 10 Dexterity: 11 Constitution: 15 Intelligence: 12 Wisdom: 14 Charisma: 17 Health: 0(38) Energy: 7(18) Def: 3 Gold: 2332 Moves: 1680 Dungeon seed: dEempGrdHdqiMxqi Game ID: woodfighter_1504979424 Your Inventory: Coins $ - 2332 gold pieces Weapons a - a +0 scalpel (weapon in hand) B - 17 +0 darts Armor e - an uncursed +1 pair of leather gloves (being worn) n - an uncursed +0 pair of speed boots (being worn) z - an uncursed +0 dwarvish cloak N - an uncursed +0 dwarvish cloak Comestibles l - 6 blessed eucalyptus leaves m - a blessed sprig of wolfsbane o - 3 blessed cloves of garlic p - 6 uncursed apples r - an uncursed lichen corpse u - 2 uncursed bananas v - an uncursed sprig of wolfsbane Scrolls q - an uncursed scroll of identify C - an uncursed scroll of fire Spellbooks i - a blessed spellbook of healing j - a blessed spellbook of extra healing k - a blessed spellbook of stone to flesh Potions c - 2 uncursed potions of healing d - a blessed potion of healing f - 3 uncursed potions of extra healing g - a blessed potion of extra healing w - an uncursed potion of gain ability A - a blessed potion of paralysis Wands h - a wand of sleep (0:8) Tools b - an uncursed stethoscope y - an uncursed skeleton key Spells and supernatural/magical abilities: Name Level Category Fail Memory h - healing 1 healing 0% 92% x - extra healing 3 healing 12% 92% S - stone to flesh 3 healing 29% 92% W - pray for help -- divine ? -- Your skills at the end: Miscellaneous Skills wands [Basic] Weapon Skills knife [Basic] Spellcasting Skills healing spells [Basic] Final Attributes: You were devoutly aligned. You were poison resistant. You were stealthy. You were very fast. You are dead. Vanquished creatures: a gnome lord 3 dwarves an iguana a giant bat a hobbit 3 geckos a cave spider a brown mold 9 gnomes 6 jackals 5 newts 4 goblins a grid bug a bat 3 lichens 41 creatures vanquished. Voluntary challenges: You did not adorn yourself with jewelry or accessories. You did not cause conflict. You were not invisible. You did not have reflection. You were not displaced. You were an atheist. You used a wielded weapon 83 times, starting on turn 79. You did not use containers. You did not apply a unicorn horn. You did not use plumbed fixtures. You were illiterate. You never genocided any monsters. You never polymorphed an object. You never changed form. You used no wishes. You never split a pudding. You never wrote Elbereth's name. You never violated your personal moral code. Dungeon overview: The Dungeons of Doom: levels 1 to 4 Level 1 a long staircase Level 2 a hardware shop stairs to The Gnomish Mines Level 3 (vault) a fountain Level 4 The Gnomish Mines: levels 3 to 4 Level 3 stairs to The Dungeons of Doom Level 4 <- You were here History has recorded: On T:1 you entered the Dungeons of Doom to retrieve the Amulet of Yendor! On T:134 you reached level 2 of The Dungeons of Doom. On T:726 you advanced to experience level 2. On T:777 you reached level 1 of The Gnomish Mines. On T:856 you reached level 3 of The Dungeons of Doom. On T:997 you reached level 4 of The Dungeons of Doom. On T:1041 you advanced to experience level 3. On T:1634 you advanced to experience level 4. On T:1668 you reached level 2 of The Gnomish Mines. Score breakdown: Gold: 849 ( 84 points) Experience: 4 levels ( 300 points) Exploration: 4 levels ( 90 points) Discoveries: 12 items ( 600 points) Variety of kills: 15 monsters ( 750 points) Major goal: (nothing yet) ( 0 points) Survival: died (score multiplied by 3) Total score: 5472 Latest messages: You feel better. The gnome king swings his thonged club at you. The gnome king hits you! You feel better. You hack the dwarf. The dwarf is moderately wounded. The dwarf punches you! The gnome king swings his thonged club at you. The gnome king hits you! The dwarf drinks a potion of extra healing! The dwarf looks much better. You hack the dwarf. The dwarf is lightly wounded. The gnome king swings his thonged club at you. The gnome king hits you! You feel better. You hack the dwarf. The dwarf is moderately wounded. The dwarf punches you! The gnome king swings his thonged club at you. The gnome king hits you! The dwarf swings her pick-axe at you. The dwarf hits you! You die... Final status: Goodbye woodfighter the Healer, killed by a dwarf... You died in The Gnomish Mines on dungeon level 4 with 5472 points, and 2332 pieces of gold, after 1680 moves. You were level 4 with a maximum of 38 hit points when you died.